 Dungeon Crawl Stone Soup version 0.22-a0-86-g94e0ad4 (webtiles) character file.

536 KristoblXynda the Charlatan (level 7, -5/46 HPs)
             Began as a Pale Draconian Artificer on Jan 20, 2018.
             Was a Follower of Ashenzari.
             Killed themself with a badly aimed iceblast (19 damage)
             ... on level 6 of the Dungeon.
             The game lasted 00:10:22 (5215 turns).

KristoblXynda the Charlatan (DrAr)                  Turns: 5215, Time: 00:10:23

Health: -5/46      AC:  7    Str: 17      XL:     7   Next: 4%
Magic:  11/11      EV: 14    Int: 10 (12) God:    Ashenzari [*.....]
Gold:   130        SH:  5    Dex: 12      Spells: 6/6 levels left

rFire    . . .     SeeInvis .   j - +0 dagger
rCold    . . .     Gourm    .   (no shield)
rNeg     . . .     Faith    .   (armour unavailable)
rPois    .         Spirit   .   (helmet restricted)
rElec    .         Reflect  +   p - +0 cloak (curse)
rCorr    .         Harm     .   (no gloves)
MR       .....                  (no boots)
Stlth    +.........             v - +5 amulet of reflection (curse)
HPRegen  0.15/turn              m - ring of flight
MPRegen  0.12/turn              (no ring)

@: no status effects
A: breathe steam, unfitting armour, talons 1, blink, frail 1, strong 1,
cold-blooded, AC +6
a: Breathe Steam, Blink, Curse Item, Scrying, Renounce Religion, Evoke Flight


You were on level 6 of the Dungeon.
You worshipped Ashenzari.
Ashenzari was aware of your devotion.
You were not hungry.

You visited 2 branches of the dungeon, and saw 7 of its levels.

You collected 218 gold pieces.
You spent 88 gold pieces at shops.

Inventory:

Hand Weapons
 j - a +0 dagger (weapon)
Armour
 p - a cursed +0 cloak (worn)
Jewellery
 m - a ring of flight (left hand)
 v - a cursed +5 amulet of reflection (around neck)
Wands
 b - a wand of flame (8)
 c - a wand of enslavement (13)
 d - a wand of random effects (1)
Scrolls
 a - a scroll of blinking {unknown}
 i - 2 scrolls of teleportation
 k - a scroll of amnesia {unknown}
 l - a scroll of enchant weapon {unknown}
 n - a scroll of noise {unknown}
 r - a scroll of summoning {unknown}
 s - a scroll of immolation {unknown}
 u - a scroll of remove curse
Potions
 e - 2 potions of haste
 g - 3 potions of flight
 h - 2 potions of might
 q - a potion of curing
 t - 2 potions of magic
 w - a potion of invisibility
 x - a potion of lignification
Comestibles
 f - 13 rations
 o - 6 chunks of flesh


   Skills:
 - Level 1.1 Fighting
 + Level 4.2 Short Blades
 + Level 4.3 Dodging
 - Level 0.8 Stealth
 + Level 5.7 Evocations


You had 6 spell levels left.
You didn't know any spells.

Dungeon Overview and Level Annotations

Branches:
Dungeon (6/15)             Temple (1/1) D:4

Altars:
Ashenzari
Cheibriados
Dithmenos
Elyvilon
Gozag
Hepliaklqana
Kikubaaqudgha
Makhleb
Nemelex Xobeh
Okawaru
Qazlal
Ru
Sif Muna
Trog
Uskayaw
Vehumet
Wu Jian
Xom
Yredelemnul
Zin
The Shining One

Shops:
D:5 !

Annotations:
D:3 KristoblXynda's ghost, amateur TrWr
D:4 Amnesiac's ghost, amateur TrEE


Innate Abilities, Weirdness & Mutations

You can breathe blasts of scalding, opaque steam.
Your pale cyan-grey scales are hard. (AC +6)
You cannot fit into any form of body armour.
You are cold-blooded and may be slowed by cold attacks.
You have sharp toenails.
You can translocate small distances at will.
You are frail. (-10% HP)
Your muscles are strong. (Str +2)


Message History

There are monsters nearby!
Unknown command.
Evoke which item? (* to show all) (? for menu, Esc to quit)
Aiming: Random Effects
Press: ? - help, Shift-Dir - straight line, f/p - gnoll
Aim: a gnoll, wielding a whip The mass of ice explodes!
The iceblast engulfs the gnoll.
You kill the gnoll!
The iceblast engulfs the orc.
You kill the orc!
The iceblast engulfs the orc priest.
You kill the orc priest!
You feel your intelligence returning.
You have reached level 7!
Your scales start taking on a pale cyan-grey colour.
You learn Fire Magic quicker.
You learn Air Magic quicker.
You learn Evocations quicker.
You can breathe blasts of scalding, opaque steam.
The iceblast engulfs you!
You die...

....... ....# #.#.#
#...... .#..#
######...# .......
...# #........#
#...... #.?#
#........# #......
..# #........#
#......####.#
#......#.#
.g....[)..#.#
#......#.# #)###.#
#......#.#
##@.))####......#.#
#.................
#.....)....##...>.
#..".......##.....
#############.....
######


There were no monsters in sight!

Vanquished Creatures
  An ogre (D:6)
  A bullfrog (D:6)
  A howler monkey (D:2)
  A crimson imp (D:5)
  A jelly (D:6)
  A bullfrog skeleton (D:5)
  An orc priest (D:6)
  2 worker ants
  5 gnolls (D:6)
  4 adders
  An ooze (D:4)
  An adder zombie (D:5)
  An adder skeleton (D:5)
  A dart slug (D:4)
  A leopard gecko (D:6)
  12 orcs
  A giant cockroach (D:4)
  2 hobgoblins
  9 jackals
  A quokka (D:2)
  3 ball pythons (D:3)
  6 bats
  6 frilled lizards
  5 goblins
  3 jackal skeletons
  9 kobolds
  9 rats
89 creatures vanquished.

Vanquished Creatures (collateral kills)
  A leopard gecko (D:3)
  2 jackals (D:3)
3 creatures vanquished.

Grand Total: 92 creatures vanquished

Notes
Turn   | Place    | Note
-------+----------+-------------------------------------------
     0 | D:1      | KristoblXynda the Draconian Artificer began the quest for the Orb.
     0 | D:1      | Reached XP level 1. HP: 16/16 MP: 3/3
   754 | D:2      | Reached XP level 2. HP: 23/23 MP: 4/4
  1072 | D:2      | Noticed a howler monkey
  1097 | D:2      | Reached XP level 3. HP: 10/28 MP: 5/5
  1107 | D:2      | Reached XP level 4. HP: 5/35 MP: 6/6
  1661 | D:3      | Found a shattered altar of Ashenzari.
  1733 | D:3      | Noticed KristoblXynda's ghost (amateur TrWr)
  1738 | D:3      | Became a worshipper of Ashenzari the Shackled
  2623 | D:4      | Reached skill level 4 in Evocations
  2642 | D:4      | Noticed Amnesiac's ghost (amateur TrEE)
  2947 | D:4      | Found a staircase to the Ecumenical Temple.
  2965 | Temple   | Entered the Ecumenical Temple
  3241 | D:4      | Reached XP level 5. HP: 29/40 MP: 6/8
  3416 | D:5      | Entered Level 5 of the Dungeon
  4172 | D:5      | Found Zuept's Distillery.
  4188 | D:5      | Bought a potion of mutation for 88 gold pieces
  4399 | D:5      | Gained mutation: You evolve. [potion of mutation]
  4399 | D:5      | Gained mutation: You are frail. (-10% HP) [potion of mutation]
  4399 | D:5      | Gained mutation: You have sharp toenails. [potion of mutation]
  4399 | D:5      | Gained mutation: Your muscles are strong. (Str +2) [potion of mutation]
  4557 | D:5      | Reached * piety under Ashenzari
  4854 | D:6      | Reached XP level 6. HP: 35/42 MP: 9/9
  5106 | D:6      | Gained mutation: You can translocate small distances at will. [evolution]
  5106 | D:6      | Lost mutation: You evolve. [end of evolution]
  5134 | D:6      | Reached skill level 5 in Evocations
  5215 | D:6      | Your scales start taking on a pale cyan-grey colour.
  5215 | D:6      | Reached XP level 7. HP: 14/46 MP: 11/11
  5215 | D:6      | Killed themself with a badly aimed iceblast

Vault maps used:
D:1:      dpeg_arrival_three_smaller_balls
D:3:      dk_noncrumbling_3, cheibrodos_ashenzari_chains
D:4:      temple_pool_b, first_ration, minmay_misc_feat_enclosed
D:5:      serial_shops, kennysheep_little_box
D:6:      lemuel_crystal_altar, serial_shops, shop, grunt_ministairs_10,
          uniq_duvessa
Temple:   nicolae_temple_the_god_donut

Skill      XL: |  1  2  3  4  5  6 |
---------------+-------------------+-----
Dodging        | 2 3 4 |  4.3
Short Blades   | 2 3 4 |  4.2
Evocations     | 4 5 |  5.7
Fighting       | |  1.1
Stealth        | |  0.8

Action                   |  1- 3 |  4- 6 |  7- 9 || total
-------------------------+-------+-------+-------++-------
Melee: Short sword       |    22 |       |       ||    22
       Dagger            |    65 |   372 |       ||   437
       Tailslap          |     8 |    52 |       ||    60
       Kick              |       |    19 |       ||    19
Invok: Curse Item        |       |     2 |       ||     2
Evoke: Wand              |     3 |    20 |       ||    23
  Use: Scroll            |       |     9 |       ||     9
       Potion            |       |     6 |       ||     6
 Stab: Sleeping          |     3 |     3 |       ||     6
       Paralysed         |     2 |       |       ||     2
  Eat: Chunk             |       |     8 |       ||     8
       Ration            |       |     2 |       ||     2
Armor: Skin              |    19 |   218 |       ||   237
Dodge: Dodged            |    58 |   255 |       ||   313
Block: Other             |       |     3 |       ||     3

Table legend:
 A = Spawn XP
 B = Non-spawn XP
 C = Spawn XP percentage of total XP
 D = Spawn monster count
 E = Non-spawn monster count
 F = Spawn count percentage of total count
 G = Total turns spent on level
                    A         B        C        D         E        F      G
               +---------+---------+-------+---------+---------+-------+---------
         Total |       0 |     767 |   0.0 |       0 |      92 |   0.0 |  5215
               +---------+---------+-------+---------+---------+-------+---------
           D:1 |       0 |      11 |   0.0 |       0 |       9 |   0.0 |   752
           D:2 |       0 |     108 |   0.0 |       0 |      21 |   0.0 |   909
           D:3 |       0 |      24 |   0.0 |       0 |      19 |   0.0 |   996
           D:4 |       0 |      61 |   0.0 |       0 |       6 |   0.0 |   519
           D:5 |       0 |     174 |   0.0 |       0 |      19 |   0.0 |  1406
           D:6 |       0 |     389 |   0.0 |       0 |      18 |   0.0 |   393
               +---------+---------+-------+---------+---------+-------+---------
